AoeStats
← OsmanGokcheck

Socotra

505948875Analyzed
3v3 RM · 22d ago on Sep 11, 2026· 39m 22s· 6 players
Game mode
Random Map
Map size
128×128
Population
200
Speed
Normal
Resources
Standard
Victory
Conquest
Starting age
Dark Age
Ending age
Imperial Age
RankedLock teamsTeams togetherTeam positionsShared explorationLock speedFull tech treeHidden civsTurbo modeCheats
Victory
Defeat
🇹🇷 Saracens · Türkiye
976
+14
🇩🇪 Bulgarians · Germany
901
+17
🇹🇷 Franks · Türkiye
865
+18
🇺🇸 Cumans · United States
969
-18
🇲🇹 Spanish · Malta
913
-16
🇻🇪 Chinese · Venezuela
897
-15
Artor
2:42 Loom
12:29 Feudal Age
14:51 Arson
16:06 Horse Collar
16:18 Gold Mining
17:14 Forging
18:20 Scale Mail Armor
28:55 Castle Age
28:47 Stone Mining
28:44 Double-Bit Axe
29:38 Wheelbarrow
30:38 Heavy Plow
31:16 Stone Shaft Mining
30:56 Bow Saw
31:03 Pikeman
34:49 Hand Cart
35:53 Iron Casting
mulgezen
0:34 Loom
0:37 Loom
11:29 Feudal Age
12:49 Wheelbarrow
12:04 Double-Bit Axe
22:57 Castle Age
22:21 Scale Barding Armor
22:26 Forging
24:27 Hand Cart
24:24 Bow Saw
24:09 Stone Mining
24:10 Gold Mining
25:46 Husbandry
27:35 Chain Barding Armor
28:20 Gold Shaft Mining
29:32 Iron Casting
30:08 Light Cavalry
40:33 Imperial Age
OsmanGokcheck
6:27 Loom
8:59 Feudal Age
11:11 Double-Bit Axe
14:20 Fletching
25:44 Castle Age
25:47 Crossbowman
26:37 Bodkin Arrow
27:49 Horse Collar
32:00 Padded Archer Armor
33:32 Wheelbarrow
34:09 Leather Archer Armor
34:41 Bow Saw
35:34 Town Watch
36:04 Hand Cart
38:10 Thumb Ring
38:38 Town Watch
MacuStar
0:57 Loom
11:16 Feudal Age
rojasfelix253
1:01 Loom
11:51 Feudal Age
16:20 Man-at-Arms
19:04 Wheelbarrow
Eduard IV
8:37 Loom
10:59 Feudal Age
14:45 Double-Bit Axe
24:10 Castle Age
23:46 Scale Barding Armor
32:29 Bow Saw
38:01 Fletching
39:07 Elite Skirmisher
Connection lost

Rejoining the realm…

Still unreachable

The connection could not be restored.

Session expired

The server has moved on; the page needs a fresh start.